 Dungeon Crawl Stone Soup version 0.28-a0-823-gb444dcf96d (webtiles) character file.

Game seed: 6576971442226564862

2166 bjtr the Stinger (level 9, -1/64 HPs)
             Began as a Formicid Venom Mage on Nov 9, 2021.
             Was a Follower of Vehumet.
             Slain by a wolf (3 damage)
             ... led by Grum
             ... on level 7 of the Dungeon on Nov 10, 2021.
             The game lasted 00:45:06 (10274 turns).

bjtr the Stinger (Formicid Venom Mage)             Turns: 10274, Time: 00:45:07

Health: -1/64      AC:  8    Str: 18    XL:     9   Next: 57%
Magic:  6/17       EV: 11    Int: 19    God:    Vehumet [*.....]
Gold:   327        SH:  0    Dex: 11    Spells: 5/18 levels left

rFire   + + .      SeeInvis +   j - +0 halberd
rCold   . . .      Faith    .   (no shield)
rNeg    . . .      Spirit   .   c - +0 ring mail {rF+}
rPois   .          Reflect  .   (helmet unavailable)
rElec   .          Harm     .   k - scarf {repulsion}
rCorr   .          Rampage  .   e - +0 pair of gloves
Will    .....                   g - +0 pair of boots
Stlth   ++........              (no amulet)
HPRegen 0.20/turn               b - ring of protection from fire
MPRegen 0.15/turn               q - +6 ring of strength

@: repel missiles
A: permanent stasis, dig shafts and tunnels, antennae 3, four strong arms
a: Dig, Shaft Self, Renounce Religion


You were on level 7 of the Dungeon.
You worshipped Vehumet.
Vehumet was aware of your devotion.
You visited 1 branch of the dungeon, and saw 8 of its levels.

You collected 327 gold pieces.

Inventory:

Hand Weapons
 d - a +0 mace
 j - a +0 halberd (weapon)
 m - a +2 whip of electrocution
 p - a +0 hunting sling
 t - a +1 dagger of draining
Missiles
 i - 43 sling bullets
 l - 210 stones
 o - 22 bolts
 u - 21 poisoned darts
Armour
 c - a +0 ring mail of fire resistance (worn)
 e - a +0 pair of gloves (worn)
 g - a +0 pair of boots (worn)
 k - a scarf of repulsion (worn)
 x - a +0 troll leather armour
Jewellery
 b - a ring of protection from fire (left hand)
 q - a +6 ring of strength (right hand)
 w - a +6 ring of intelligence
Wands
 v - a wand of flame (15)
Scrolls
 n - 2 scrolls of amnesia
 y - a scroll of noise {unknown}
Potions
 a - 2 potions of curing
 f - 3 potions of flight {unknown}
 h - a potion of brilliance
 r - a potion of attraction
 s - 3 potions of lignification {unknown}


   Skills:
 + Level 3.4 Fighting
 + Level 5.4 Armour
 + Level 3.4 Dodging
 + Level 4.1 Stealth
 * Level 4.3 Shields
 + Level 5.4 Spellcasting
 + Level 0.5 Conjurations
 + Level 4.1 Transmutations
 * Level 3.3 Earth Magic
 + Level 7.4 Poison Magic


You had 5 spell levels left.
You knew the following spells:

 Your Spells              Type           Power      Damage    Failure   Level
a - Sting                 Tmut/Pois      100%       1d8       1%          1
b - Olgreb's Toxic Radia  Pois           33%        N/A       10%         4
c - Mephitic Cloud        Conj/Pois/Air  15%        N/A       21%         3
d - Passwall              Tmut/Erth      15%        N/A       6%          2
e - Stone Arrow           Conj/Erth      24%        3d8       26%         3

Your spell library contained the following spells:

 Spells                   Type           Power      Damage    Failure   Level
 Foxfire                  Conj/Fire      24%        2x1d5     19%         1
 Sandblast                Erth           34%        2d9       4%          1
 Poisonous Vapours        Pois/Air       38%        N/A       6%          2


Dungeon Overview and Level Annotations

Branches:
Dungeon (8/15)             Temple (0/1) D:5
   Lair: D:8-11

Altars:
Cheibriados
Fedhas
Trog
Vehumet
Zin
The Shining One

Shops:
D:4 *

Annotations:
D:8 Grum


Innate Abilities, Weirdness & Mutations

You cannot be hasted, slowed, berserked, paralysed or teleported.
You can dig through walls and to a lower floor.
You have a pair of large antennae on your head. (SInv)
Your four strong arms can wield two-handed weapons with a shield.


Message History

A wolf comes into view.
The wolf barely misses you. The wolf bites you!
The wolf howls!
You puncture the wolf!
You kill the wolf!
Vehumet accepts your kill.
Grum the Hunter comes into view.
He is wielding a -2 glaive.
The wolf bites you. The wolf bites you but does no damage. The wolf bites you.
You miss the wolf.
The wolf bites you but does no damage. x2
The wolf bites you.
There is a stone staircase leading up here.
You miss the wolf. The wolf misses you. The wolf bites you.
The wolf closely misses you. The wolf bites you. x2
* * * LOW HITPOINT WARNING * * *
You climb upwards.
There is a stone staircase leading down here.
Unknown command.
Casting: Olgreb's Toxic Radiance (dangerous; 10% risk of failure)
Confirm with . or Enter, or press ? or * to list all spells.
You begin to radiate toxic energy.
The wolf is poisoned.
The wolf looks even sicker.
The wolf bites you!
* * * LOW HITPOINT WARNING * * *
Unknown command.
Casting: Olgreb's Toxic Radiance (dangerous; 10% risk of failure)
Confirm with . or Enter, or press ? or * to list all spells.
Aiming: Sting (safe; 1% risk of failure)
Press: ? - help, Shift-Dir - straight line, f - wolf
Aim: a wolf (moderately wounded, very poisoned, 63% to hit)
The sting hits the wolf.
The wolf looks even sicker.
The wolf is moderately wounded.
Your toxic aura wanes.
The wolf bites you but does no damage. The wolf bites you.
* * * LOW HITPOINT WARNING * * *
You barely miss the wolf.
The wolf is heavily wounded.
The wolf bites you.
You die...

#.........# #.........#
#.........# #.........#
#.........# ##.......##
#.........# # #.........#
## #..h@.....# ####.
####.........##### #....
##................####...
##.............###......#.
#...............#######.##
#...............# ###.##
#..............<### #.....
#...............#.# #.....
#...............#)###.....


You could see a wolf (very poisoned).

Vanquished Creatures
  A troll (D:7)
  A wyvern (D:7)
  An orc warrior (D:7)
  2 sky beasts
  A necrophage (D:6)
  2 ogres
  A wolf (D:8)
  A centaur (D:7)
  A phantom (D:6)
  2 bullfrogs
  5 scorpions
  3 howler monkeys
  3 bullfrog zombies
  A centaur zombie (D:7)
  A hound (D:4)
  3 jellies
  An orc priest (D:8)
  A centaur skeleton (D:6)
  An iguana (D:6)
  4 gnolls (D:5)
  6 adders
  A howler monkey skeleton (D:7)
  2 worms
  4 dart slugs
  9 orcs
  9 ball pythons
  7 endoplasms
  4 giant cockroaches
  7 goblins
  6 hobgoblins
  8 jackals
  A quokka (D:4)
  5 bats
  3 frilled lizards
  8 kobolds
  7 rats
123 creatures vanquished.

Notes
Turn   | Place    | Note
-------+----------+-------------------------------------------
     0 | D:1      | bjtr the Formicid Venom Mage began the quest for the Orb.
     0 | D:1      | Reached XP level 1. HP: 13/13 MP: 3/3
   196 | D:1      | Reached XP level 2. HP: 18/19 MP: 1/5
   866 | D:1      | Reached XP level 3. HP: 25/25 MP: 4/6
  1979 | D:2      | Reached XP level 4. HP: 31/31 MP: 3/8
  1984 | D:2      | Learned a level 4 spell: Olgreb's Toxic Radiance
  1988 | D:2      | Learned a level 3 spell: Mephitic Cloud
  2463 | D:3      | Found a faded altar of an unknown god.
  2906 | D:3      | Noticed a necrophage
  3017 | D:3      | Found a glowing golden altar of the Shining One.
  3328 | D:4      | Noticed a scorpion
  3337 | D:4      | Killed a scorpion
  3338 | D:4      | Reached skill level 1 in Armour
  3338 | D:4      | Reached skill level 5 in Poison Magic
  3338 | D:4      | Reached XP level 5. HP: 14/36 MP: 2/10
  3539 | D:4      | Found Zin's Purification Station.
  3542 | D:4      | Found a glowing silver altar of Zin.
  3753 | D:4      | Found a radiant altar of Vehumet.
  3769 | D:4      | Became a worshipper of Vehumet
  3782 | D:4      | Noticed an ogre
  3815 | D:4      | Killed an ogre
  3816 | D:4      | Reached skill level 1 in Fighting
  3816 | D:4      | Reached XP level 6. HP: 10/43 MP: 7/11
  5451 | D:4      | Upgraded the game from 0.28-a0-819-g6ef7baa362 to
                  | 0.28-a0-823-gb444dcf96d
  5452 | D:5      | Entered Level 5 of the Dungeon
  5575 | D:5      | Reached XP level 7. HP: 43/48 MP: 6/12
  5932 | D:5      | Reached skill level 6 in Poison Magic
  6179 | D:5      | Found a staircase to the Ecumenical Temple.
  6291 | D:5      | Reached skill level 1 in Shields
  6380 | D:5      | Noticed a wraith
  6628 | D:6      | Reached XP level 8. HP: 49/56 MP: 14/14
  6864 | D:6      | Learned a level 2 spell: Passwall
  6868 | D:6      | Learned a level 3 spell: Stone Arrow
  7405 | D:6      | Found a large runed translucent door.
  7410 | D:6      | Found a large runed translucent door.
  7979 | D:6      | Found a snail-covered altar of Cheibriados.
  7989 | D:6      | Reached skill level 1 in Earth Magic
  8175 | D:6      | Found a bloodstained altar of Trog.
  8339 | D:7      | Noticed a troll
  8554 | D:7      | Noticed a wyvern
  8561 | D:7      | Killed a wyvern
  8562 | D:7      | Reached skill level 5 in Spellcasting
  8562 | D:7      | Reached XP level 9. HP: 38/63 MP: 1/16
  9223 | D:7      | Killed a troll
  9224 | D:7      | Reached skill level 7 in Poison Magic
  9290 | D:6      | HP: 2/64 [wraith (11)]
  9689 | D:7      | Found a blossoming altar of Fedhas.
  9774 | D:7      | Reached skill level 5 in Armour
 10250 | D:8      | Reached * piety under Vehumet
 10250 | D:8      | Offered knowledge of Foxfire by Vehumet.
 10260 | D:8      | Noticed Grum
 10273 | D:7      | HP: 2/64 [wolf[Grum] (6)]
 10274 | D:7      | Slain by a wolf

Illustrated notes

Levels and vault maps discovered:
D:1:      sevenhm_arrival_forest_fort_large_4, layout_loops_corners,
          kennysheep_decorative_pillar
D:2:      layout_basic
D:3:      layout_loops_ring, nicolae_tso_carved_into_rock,
          shapermc_ecumenical_altar_petra
D:4:      layout_basic, zin_purify, mainiacjoe_overflow_boulevard
D:5:      layout_basic, temple_fountains, moated_statue
D:6:      layout_basic, jmf_multi_god_temple2, hangedman_decor_growths,
          kennysheep_big_empty_room
D:7:      minmay_angry_zag, layout_rooms, fedhas_altar_2
D:8:      layout_gridville, lair_entry_dummy, enter_ossuary_5, serial_shops,
          shop, uniq_maurice, uniq_erica, uniq_grum, uniq_pikel

Skill      XL: |  1  2  3  4  5  6  7  8  9 |
---------------+----------------------------+-----
Spellcasting   | 3 4 5 |  5.4
Transmutations | 2 3 4 |  4.1
Armour         | 1 2 3 4 5 |  5.4
Dodging        | 2 3 |  3.4
Poison Magic   | 5 6 7 |  7.4
Stealth        | 3 4 |  4.1
Fighting       | 1 2 3 |  3.4
Shields        | 1 3 4 |  4.3
Earth Magic    | 2 3 |  3.3
Conjurations   | |  0.5

Action                   |  1- 3 |  4- 6 |  7- 9 || total
-------------------------+-------+-------+-------++-------
Melee: Mace              |    42 |   111 |    10 ||   163
       Unarmed           |     1 |       |       ||     1
       Halberd           |       |       |   163 ||   163
       Whip              |       |       |     2 ||     2
 Cast: Sting             |    47 |    39 |    38 ||   124
       Mephitic Cloud    |       |       |     7 ||     7
       Olgreb's Toxic Ra |       |       |    10 ||    10
       Passwall          |       |       |     2 ||     2
       Stone Arrow       |       |       |     6 ||     6
 Abil: Dig               |     4 |     1 |       ||     5
Evoke: Wand              |       |       |     1 ||     1
  Use: Scroll            |       |     9 |     1 ||    10
       Potion            |       |       |     2 ||     2
 Stab: Sleeping          |     2 |     2 |     1 ||     5
       Confused          |       |       |     2 ||     2
Armor: Robe              |    32 |     1 |       ||    33
       Ring mail         |       |    59 |   107 ||   166
Dodge: Dodged            |    56 |    68 |   193 ||   317

Table legend: (Time is in decaauts)
 A = Elapsed time spent in this place.
 B = Non-inter-level travel time spent in this place.
 C = Inter-level travel time spent in this place.
 D = Time resting spent in this place.
 E = Time spent auto-exploring this place.
 F = Levels seen in this place.
 G = Mean time per level.
                   A        B        C        D        E       F      G
               +--------+--------+--------+--------+--------+-----+--------+
         Total |  10428 |  10110 |    318 |   3724 |   4336 |   8 | 1303.5 |
       Dungeon |  10428 |  10110 |    318 |   3724 |   4336 |   8 | 1303.5 |
               +--------+--------+--------+--------+--------+-----+--------+

Top non-repeatable levels by time:
     D:6: 2585 daAuts
     D:4: 2415 daAuts
     D:1: 1508 daAuts
     D:5: 1193 daAuts
     D:3: 986 daAuts
     D:2: 863 daAuts
     D:7: 834 daAuts
     D:8: 41 daAuts
